 Dungeon Crawl Stone Soup version 0.28-a0-691-gad6df49e81 (webtiles) character file.

Game seed: 5232136760893172536

40 RepHenryClay the Chopper (level 3, 0/34 HPs)
             Began as a Naga Fighter on Oct 21, 2021.
             Slain by a black bear (7 damage)
             ... on level 2 of the Dungeon.
             The game lasted 00:01:08 (1289 turns).

RepHenryClay the Chopper (Naga Fighter)             Turns: 1289, Time: 00:01:08

Health: 0/34       AC:  4    Str: 19    XL:     3   Next: 50%
Magic:  3/3        EV:  7    Int:  8    God:
Gold:   35         SH:  4    Dex: 10    Spells: 2/2 levels left

rFire   . . .      SeeInvis +   a - +0 war axe
rCold   . . .      Faith    .   c - +0 buckler
rNeg    . . .      Spirit   .   b - +0 scale mail
rPois   +          Reflect  .   (no helmet)
rElec   .          Harm     .   (no cloak)
rCorr   .          Rampage  .   (no gloves)
Will    .....                   (no barding)
Stlth   ..........              (no amulet)
HPRegen 0.11/turn               (no ring)
MPRegen 0.08/turn               (no ring)

@: very slow
A: AC +1, large, see invisible, deformed body, poison resistance, slowness 2,
spit poison 1, naga tail 1
a: Spit Poison


You were on level 2 of the Dungeon.
You visited 1 branch of the dungeon, and saw 2 of its levels.

You collected 35 gold pieces.

Inventory:

Hand Weapons
 a - a +0 war axe (weapon)
Armour
 b - a +0 scale mail (worn)
 c - a +0 buckler (worn)
Jewellery
 f - a ring of wizardry
Potions
 d - a potion of might
 e - a potion of haste
 h - a potion of cancellation {unknown}
 j - a potion of lignification {unknown}


   Skills:
 - Level 3.0 Fighting
 + Level 3.8 Axes
 - Level 2.4 Armour
 - Level 2.4 Shields


You had 2 spell levels left.
You didn't know any spells.
Your spell library contained the following spells:

 Spells                   Type           Power      Damage    Failure   Level
 Ozocubu's Armour         Ice            0%         N/A       98%         3
 Ozocubu's Refrigeration  Ice            0%         4d5       100%        7


Dungeon Overview and Level Annotations

Branches:
Dungeon (2/15)

Altars:


Innate Abilities, Weirdness & Mutations

Your serpentine skin is tough. (AC +1)
You have supernaturally acute eyesight. (SInv)
Armour fits poorly on your strangely shaped body.
Your system is resistant to poisons. (rPois)
You cover ground very slowly.
You can spit poison.
You have a snake-like lower body.


Message History

Press: ? - help, Shift-Dir - straight line, f - black bear
Aim: a black bear The splash of poison misses the black bear.
The black bear bites you but does no damage.
The black bear claws you but does no damage.
The black bear claws you.
Damage: -5%(-2hp) hp: 95%(32hp)
You slash the black bear!
The black bear is heavily wounded.
The black bear closely misses you. The black bear claws you. x2
Damage: -15%(-5hp) hp: 80%(27hp)
You barely miss the black bear.
The black bear is heavily wounded.
The black bear bites you!
The black bear claws you but does no damage.
The black bear claws you.
The black bear bites you but does no damage.
The black bear claws you. x2
* * * LOW HITPOINT WARNING * * *
Huge Dmg: -44%(-15hp) hp: 36%(12hp)
You hit the black bear but do no damage.
The black bear is moderately wounded.
The black bear bites you.
* * * LOW HITPOINT WARNING * * *
The black bear claws you but does no damage.
The black bear claws you.
* * * LOW HITPOINT WARNING * * *
Huge Dmg: -15%(-5hp) hp: 21%(7hp)
As you read the scroll labelled XYNGIF HEIRU, it crumbles to dust.
You hear a loud clanging noise!
It was a scroll of noise.
You have got your breath back.
You hear a bark! x2
The black bear completely misses you.
The black bear claws you but does no damage. x2
As you read the scroll labelled NEOMYA DEHYKHLELER, it crumbles to dust.
It is a scroll of identify.
e - a potion of haste The black bear bites you!
You die...

... .#..
...##.#.
..#... #.#..#
###.#..#
#......#
#...)..#
#(.....#
#....@.#
#.....h######
#............
#....#.......
###'#########
#....# #....#
#....#
###.##########


You could see a black bear.

Vanquished Creatures
  An adder (D:2)
  A worm (D:2)
  A dart slug (D:1)
  2 ball pythons (D:1)
  2 endoplasms (D:1)
  A giant cockroach (D:1)
  2 goblins (D:1)
  5 hobgoblins (D:1)
  2 kobolds
  2 quokkas (D:1)
  3 bats
  A frilled lizard (D:2)
23 creatures vanquished.

Notes
Turn   | Place    | Note
-------+----------+-------------------------------------------
     0 | D:1      | RepHenryClay the Naga Fighter began the quest for the Orb.
     0 | D:1      | Reached XP level 1. HP: 21/21 MP: 1/1
   269 | D:1      | Reached XP level 2. HP: 26/28 MP: 2/2
   831 | D:1      | Reached XP level 3. HP: 31/34 MP: 3/3
  1282 | D:2      | Noticed a black bear
  1289 | D:2      | Slain by a black bear

Illustrated notes

Levels and vault maps discovered:
D:1:      dpeg_arrival_boxorama, layout_loops_ring, minmay_domino_4
D:2:      minmay_razor_zed, layout_basic, ebering_ecumenical_altar_webs

Skill      XL: |  1  2 |
---------------+-------+-----
Axes           | 3 |  3.8
Fighting       | |  3.0
Armour         | |  2.4
Shields        | |  2.4

Action                   || total
-------------------------++-------
Melee: War axe           ||    67
 Abil: Spit Poison       ||     2
  Use: Scroll            ||     2
Armor: Scale mail        ||    45
Dodge: Dodged            ||    26
Block: Buckler           ||    16

Table legend: (Time is in decaauts)
 A = Elapsed time spent in this place.
 B = Non-inter-level travel time spent in this place.
 C = Inter-level travel time spent in this place.
 D = Time resting spent in this place.
 E = Time spent auto-exploring this place.
 F = Levels seen in this place.
 G = Mean time per level.
                   A        B        C        D        E       F      G
               +--------+--------+--------+--------+--------+-----+--------+
         Total |   1634 |   1545 |     89 |     93 |   1263 |   2 |  817.0 |
       Dungeon |   1634 |   1545 |     89 |     93 |   1263 |   2 |  817.0 |
               +--------+--------+--------+--------+--------+-----+--------+

Top non-repeatable levels by time:
     D:1: 1348 daAuts
     D:2: 286 daAuts
